 Adventure DCSS version bcrawl-1.31 (webtiles) character file.

Game seed: 7554333747859045031

334585 Anon1729 the Peltast (level 13, 0/123 HPs)
             Began as a Minotaur Fighter on Mar 19, 2021.
             Was the Champion of Qazlal.
             Killed from afar by a deep elf mage (9 damage)
             ... with a bolt of lightning
             ... on level 1 of the Elven Halls.
             The game lasted 00:32:48 (22752 turns).

Anon1729 the Peltast (Minotaur Fighter)            Turns: 22752, Time: 00:32:49

Health: 0/123      AC: 17    Str: 31    XL:     13   Next: 68%
Magic:  14/14      EV:  8    Int: 13    God:    Qazlal [******]
Gold:   2351       SH: 27    Dex: 10    Spells: 12/12 levels left
                                        Lives:  0   Deaths: 2

rFire    + . .     SeeInvis .   N - +4 scimitar (flame)
rCold    + . .     Gourm    .   c - +0 medium shield
rNeg     + . .     Faith    .   n - +0 plate armour
rPois    +         Spirit   .   B - -2 hat of the Alchemist {rElec rPois rF+ rC+ rN+ MR+ rMut rCorr}
rElec    +         Reflect  .   (no cloak)
rCorr    +         Harm     .   (no gloves)
rMut     +                      b - +1 pair of boots
MR       +....                  (no amulet)
Stlth    ..........             z - ring "Yhi Vehe" {rElec Str+4 Int+8}
HPRegen  0.30/turn              w - ring of poison resistance (curse)
MPRegen  0.14/turn

@: protected from electricity, repel missiles
A: retaliatory headbutt, horns 2
a: Upheaval, Elemental Force, Disaster Area, Renounce Religion


You were on level 1 of the Elven Halls.
You worshipped Qazlal.
Qazlal was exalted by your worship.
You were not hungry.

You visited 6 branches of the dungeon, and saw 22 of its levels.
You also visited: Ossuary.

You collected 2351 gold pieces.

Inventory:

Hand Weapons
 N - a +4 scimitar of flaming (weapon)
 T - a +3 vampiric great sword
Armour
 b - a +1 pair of boots (worn)
 c - a +0 medium shield (worn)
 n - a +0 plate armour (worn)
 B - the -2 hat of the Alchemist (worn) {rElec rPois rF+ rC+ rN+ MR+ rMut rCorr}
   (You found it on level 6 of the Dungeon)

   It protects you from fire.
   It protects you from cold.
   It insulates you from electricity.
   It protects you from poison.
   It protects you from negative energy.
   It affects your resistance to hostile enchantments.
   It provides partial protection from all sources of acid and corrosion.
   It protects you from mutation.
 Y - a +0 cloak
Jewellery
 u - the ring "Akoicon" {Ice Str+4 Int-4 SInv}
   (You found it on level 4 of the Dungeon)

   [ring of ice]

   It enhances your ice magic.
   It affects your strength (+4).
   It affects your intelligence (-4).
   It makes you vulnerable to fire.
   It protects you from cold.
   It lets you see invisible.
 w - a cursed ring of poison resistance (right hand)
 z - the ring "Yhi Vehe" (left hand) {rElec Str+4 Int+8}
   (You found it on level 6 of the Lair of Beasts)

   [ring of intelligence]

   It affects your strength (+4).
   It affects your intelligence (+8).
   It insulates you from electricity.
 F - an uncursed ring of magical power
 I - an uncursed ring of see invisible
 P - an uncursed ring of insulation
 V - the ring of Fofine {Ice rPois Str+2}
   (You found it on level 5 of the Lair of Beasts)

   [ring of ice]

   It enhances your ice magic.
   It affects your strength (+2).
   It makes you vulnerable to fire.
   It protects you from cold.
   It protects you from poison.
Wands
 x - a wand of flame (29)
 y - a wand of enslavement (12)
 A - a wand of digging (7)
 O - a wand of clouds (6)
 Q - a wand of disintegration (5)
 R - a wand of iceblast (3)
 S - a wand of acid (4)
 U - a wand of random effects (10)
Scrolls
 a - a scroll of acquirement {unknown}
 f - 22 scrolls of remove curse
 g - 9 scrolls of enchant weapon
 i - 5 scrolls of identify
 k - 6 scrolls of immolation
 l - 5 scrolls of teleportation
 m - 2 scrolls of fog
 p - 3 scrolls of blinking
 s - 7 scrolls of enchant armour
 v - a scroll of noise
 E - 2 scrolls of brand weapon
 J - a scroll of fear
 X - 5 scrolls of amnesia
 Z - a scroll of summoning
Potions
 d - 4 potions of might
 h - 3 potions of magic {unknown}
 j - 8 potions of curing
 o - 2 potions of cancellation {unknown}
 q - a potion of berserk rage {unknown}
 r - 5 potions of brilliance {unknown}
 t - a potion of heal wounds
 C - a potion of ambrosia {unknown}
 D - 2 potions of invisibility {unknown}
 G - a potion of haste {unknown}
 H - 3 potions of flight {unknown}
 K - 7 potions of mutation {unknown}
 L - 3 potions of agility {unknown}
 M - 2 potions of lignification {unknown}
Miscellaneous
 W - a phial of floods (inert)
Comestibles
 e - 32 rations {!d}


   Skills:
 + Level 13.9 Fighting
 + Level 15.7 Long Blades
 + Level 14.3 Armour
 + Level 3.6 Dodging
 + Level 4.0 Stealth
 + Level 19.1 Shields
 * Level 3.1 Invocations
 + Level 1.0 Evocations


You had 12 spell levels left.
You didn't know any spells.
Your spell library contained the following spells:

 Spells                   Type           Power        Failure   Level  Hunger
 Beastly Appendage        Tmut           #.....       99%         1    None
 Corona                   Hex            #......      99%         1    None
 Infusion                 Chrm           #.......     99%         1    None
 Magic Dart               Conj           #...         99%         1    None
 Blink                    Tloc           N/A          100%        2    ####...
 Call Imp                 Summ           #.....       100%        2    ####...
 Ensorcelled Hibernation  Hex/Ice        #.....       100%        2    ####...
 Passwall                 Tmut/Erth      #.......     100%        2    ####...
 Song of Slaying          Chrm           #.......     100%        2    ####...
 Sticks to Snakes         Tmut           #.......     100%        2    ####...
 Swiftness                Chrm/Air       #.......     100%        2    ####...
 Confuse                  Hex            #.......     100%        3    #####..
 Conjure Flame            Conj/Fire      #.......     100%        3    #####..
 Dazzling Orbs            Conj/Hex       #......      100%        3    #####..
 Mephitic Cloud           Conj/Pois/Air  #.......     100%        3    #####..
 Ozocubu's Armour         Chrm/Ice       #.......     100%        3    #####..
 Regeneration             Chrm/Necr      #.........   100%        3    #####..
 Spectral Weapon          Hex/Chrm       #.......     100%        3    #####..
 Spider Form              Tmut/Pois      #..          100%        3    #####..
 Tukima's Dance           Hex            #.......     100%        3    #####..
 Cause Fear               Hex            #.........   100%        4    ######.
 Ice Form                 Ice/Tmut       #.......     100%        4    ######.
 Blade Hands              Tmut           #.........   100%        5    #######
 Icicle Burst             Conj/Ice       #.........   100%        7    #######
 Orb of Destruction       Conj           #.........   100%        7    #######
 Chain Lightning          Conj/Air       #.........   100%        8    #######
 Glaciate                 Conj/Ice/Air   #.........   100%        8    #######
 Lehudib's Crystal Spear  Conj/Erth      #.........   100%        8    #######
 Fire Storm               Conj/Fire      #.........   100%        9    #######


Dungeon Overview and Level Annotations

Branches:
Dungeon (12/12)            Temple (1/1) D:4            Lair (6/6) D:7
  Swamp (0/3) Lair:4        Snake (0/3) Lair:4        Slime (0/5) Lair:6
    Orc (1/1) D:8             Elf (1/3) Orc          Vaults (0/3) D:11
 Depths (1/5) D:12

Altars:
Ashenzari
Cheibriados
Dithmenos
Elyvilon
Fedhas
Gozag
Hepliaklqana
Kikubaaqudgha
Lugonu
Makhleb
Nemelex Xobeh
Okawaru
Qazlal
Ru
Sif Muna
Trog
Uskayaw
Vehumet
Wu Jian
Xom
Yredelemnul
Zin
The Shining One
Jiyva

Shops:
D:8 (   Orc %


Innate Abilities, Weirdness & Mutations

You reflexively headbutt those who attack you in melee.
You have a pair of horns on your head.


Message History

The barrage of energy hits you but does no damage.
You feel more protected from physical attacks.
The deep elf mage gestures at you while chanting.
You resist. The bolt of lightning hits you.
* * * LOW HITPOINT WARNING * * *
You hear a shout!
Things that are here:
a +0 rapier; an elf corpse You slash the deep elf knight!
You burn the deep elf knight. You headbutt the deep elf knight.
You kill the deep elf knight!
Qazlal accepts your kill.
Your shield and plate armour prevent you from hitting the deep elf mage.
You headbutt the deep elf mage!
The deep elf mage is moderately wounded.
The deep elf mage points at you and mumbles some strange words.
You resist. The bolt of lightning hits you!
Your resistance to physical damage fades away.
You feel protected from electricity.
You die...

##..re#eE##### ###.##EgE#
# #.†E## ##.E.# # #.##.#
###.###.# #..
.##############E.e.[§...
..
........?☼))e.)e.........
. ###.....§.@.*####
###..## #...).§.§.#.....#
....
#......○○eE...e..#....
#..)(..(....e........?#
#....e..............#
####.###.####........ ##
#.## .....^.. .# #.....##
.# ####.


You could see a deep elf archer, 2 earth elementals, 6 deep elf magi and a
battlesphere.

Vanquished Creatures
  Saint Roka (D:8)
  Jorgrun (Elf:1)
  An ironheart preserver (D:11)
  Urug (Orc)
  8 hydras
  2 catoblepae
  4 centaur warriors
  5 two-headed ogres
  2 dancing weapons (Elf:1)
  A deep troll shaman (Lair:6)
  22 death yaks
  Nergalle (D:10)
  2 deep elf knights (Elf:1)
  A glowing orange brain (D:12)
  A swamp dragon (Lair:4)
  Pikel (D:4)
  A lindwurm (Lair:6)
  2 cyclopes
  2 orc knights (Orc)
  3 orc sorcerers (Orc)
  8 deep elf magi (Elf:1)
  8 oklob plants
  4 ugly things
  A manticore (Lair:5)
  An elephant (shapeshifter) (D:12)
  8 elephants
  A black mamba (Lair:4)
  6 cane toads
  A gargoyle (D:8)
  6 orange demons (D:12)
  2 rime drakes
  A kobold demonologist (D:11)
  10 komodo dragons
  An efreet (D:11)
  4 red devils (D:12)
  A meliai (shapeshifter) (D:11)
  2 trolls (D:11)
  19 blink frogs
  4 polar bears
  Grinder (D:4)
  A hornet (shapeshifter) (D:8)
  9 slime creatures (D:12)
  7 hippogriffs
  Sigmund (D:6)
  4 redbacks (D:11)
  A vampire (D:11)
  A tarantella (D:11)
  A redback (shapeshifter) (D:12)
  A spriggan (D:7)
  A shadow (D:10)
  2 wyverns
  Eustachio (D:6)
  An air elemental (Elf:1)
  29 yaks
  A water elemental (Elf:1)
  2 basilisks
  Menkaure (D:5)
  A warg (shapeshifter) (D:12)
  Edmund (D:5)
  An acid dragon (D:12)
  13 crocodiles
  3 wargs
  A soldier ant (D:11)
  6 water moccasins (Lair:4)
  8 porcupines
  28 orc warriors
  2 black bears (D:7)
  4 ice beasts
  5 sky beasts
  A phantom (D:6)
  An eye of draining (shapeshifter) (D:12)
  6 ogres
  4 boggarts (D:12)
  15 wolves
  6 centaurs
  19 bullfrogs
  Blork the orc (D:4)
  An earth elemental (Elf:1)
  4 scorpions
  12 killer bees
  9 wights
  An electric eel (Lair:5)
  4 howler monkeys
  A crimson imp (D:5)
  2 centaur zombies
  8 hounds
  6 jellies
  10 orc priests
  2 bullfrog skeletons
  11 orc wizards
  3 centaur skeletons
  2 iguanas
  13 worker ants
  A hound zombie (Ossuary)
  A hound skeleton (D:8)
  4 mummies (Ossuary)
  15 adders
  3 shadow imps (D:8)
  3 oozes
  An adder zombie (D:9)
  An adder skeleton (D:5)
  2 worms
  5 dart slugs
  4 leopard geckos
  67 orcs
  A giant cockroach (D:2)
  5 goblins
  5 hobgoblins
  4 jackals
  6 quokkas
  3 ball pythons
  3 bats
  7 frilled lizards
  A gnoll zombie (Ossuary)
  3 goblin zombies (Ossuary)
  A hobgoblin zombie (Ossuary)
  A jackal skeleton (D:6)
  2 jackal zombies
  4 kobolds
  2 kobold zombies (Ossuary)
  2 orc zombies
  2 rats
  2 rat zombies (Ossuary)
  2 plants
593 creatures vanquished.

Vanquished Creatures (collateral kills)
  An orc sorcerer (Orc)
1 creature vanquished.

Vanquished Creatures (others)
  A slave (D:4)
  A hound (D:4)
  An orc wizard (Orc)
  An iguana (Lair:4)
  3 orcs (Orc)
  27 fungi
  17 plants
51 creatures vanquished.

Grand Total: 645 creatures vanquished

Notes
Turn   | Place    | Note
-------+----------+-------------------------------------------
     0 | D:1      | Anon1729 the Minotaur Fighter began the quest for the Orb.
     0 | D:1      | Reached XP level 1. HP: 19/19 MP: 0/0
   310 | D:1      | Reached XP level 2. HP: 25/27 MP: 1/1
   690 | D:2      | Reached skill level 4 in Shields
   802 | D:2      | Reached XP level 3. HP: 22/33 MP: 2/2
  1366 | D:2      | Found a snail-covered altar of Cheibriados.
  1595 | D:3      | Found a radiant altar of Vehumet.
  1645 | D:3      | Found an ornate altar of the Wu Jian Council.
  1848 | D:3      | Reached XP level 4. HP: 34/41 MP: 3/3
  2424 | D:3      | Found a corrupted altar of Lugonu.
  2571 | D:4      | Noticed an ogre
  2635 | D:4      | Noticed a slave
  2636 | D:4      | Noticed a slave
  2636 | D:4      | Noticed a slave
  2647 | D:4      | Noticed Pikel
  2652 | D:4      | Noticed a slave
  2659 | D:4      | Noticed Grinder
  2683 | D:4      | Killed Pikel
  2684 | D:4      | Reached skill level 5 in Fighting
  2684 | D:4      | Reached skill level 5 in Long Blades
  2684 | D:4      | Reached skill level 5 in Armour
  2684 | D:4      | Reached skill level 1 in Stealth
  2684 | D:4      | Reached skill level 5 in Shields
  2684 | D:4      | Reached XP level 5. HP: 17/48 MP: 4/4
  2684 | D:4      | Reached XP level 6. HP: 20/56 MP: 5/5
  2684 | D:4      | Reached XP level 7. HP: 22/61 MP: 6/6
  2796 | D:4      | Paralysed by Grinder for 4 turns
  2802 | D:4      | Killed Grinder
  2803 | D:4      | Reached skill level 6 in Shields
  2991 | D:4      | Found a blossoming altar of Fedhas.
  3036 | D:4      | Got a slimy iron ring
  3060 | D:4      | Identified the ring "Akoicon" {Ice Str+4 Int-4 SInv} (You
                  | found it on level 4 of the Dungeon)
  3063 | D:4      | Noticed Blork the orc
  3074 | D:4      | Killed Blork the orc
  3159 | D:4      | Found a staircase to the Ecumenical Temple.
  3231 | D:4      | Found a blossoming altar of Fedhas.
  3310 | D:4      | Reached XP level 8. HP: 64/69 MP: 7/7
  3439 | D:5      | Entered Level 5 of the Dungeon
  3569 | D:5      | Found a shattered altar of Ashenzari.
  3576 | D:5      | Found a hide-covered altar of Uskayaw.
  3589 | D:5      | Found a shimmering altar of Xom.
  3622 | D:5      | Noticed Edmund
  3793 | D:5      | Noticed Menkaure
  3803 | D:5      | Killed Menkaure
  3991 | D:5      | Reached skill level 7 in Shields
  4384 | D:5      | Killed Edmund
  4544 | D:6      | Noticed Sigmund
  4905 | D:6      | Killed Sigmund
  4957 | D:6      | Reached XP level 9. HP: 67/78 MP: 8/8
  5006 | D:6      | Found the -2 hat of the Alchemist {rElec rPois rF+ rC+ rN+
                  | MR+ rMut rCorr}
  5017 | D:6      | Noticed a two-headed ogre
  5109 | Temple   | Entered the Ecumenical Temple
  5362 | Temple   | Became a worshipper of Qazlal Stormbringer
  5440 | D:6      | Noticed Eustachio
  5470 | D:6      | Killed Eustachio
  5604 | D:6      | Reached skill level 8 in Shields
  6049 | D:6      | Killed a two-headed ogre
  6050 | D:6      | Reached skill level 9 in Shields
  6460 | D:7      | Found a staircase to the Lair.
  6479 | D:7      | Reached skill level 10 in Shields
  6481 | D:7      | Reached * piety under Qazlal
  6518 | D:7      | Reached XP level 10. HP: 75/86 MP: 9/9
  6628 | D:7      | Found a shimmering blue altar of Sif Muna.
  6994 | D:7      | Reached skill level 10 in Long Blades
  7020 | D:7      | Found a glowing silver altar of Zin.
  7474 | D:7      | Found a burning altar of Makhleb.
  7682 | D:8      | Reached skill level 11 in Shields
  7723 | D:8      | Found a staircase to the Orcish Mines.
  7723 | D:8      | Found Wunnogga's Weapon Emporium.
  7746 | D:8      | Reached ** piety under Qazlal
  7791 | D:8      | Reached skill level 1 in Dodging
  7837 | D:8      | Noticed an eight-headed hydra
  8123 | D:8      | Found a sand-covered staircase.
  8135 | Ossuary  | Entered an ossuary
  8615 | D:8      | Noticed a gargoyle
  8632 | D:8      | Killed a gargoyle
  9091 | D:8      | Noticed a two-headed ogre
  9110 | D:8      | Killed a two-headed ogre
  9111 | D:8      | Reached skill level 12 in Shields
  9341 | D:9      | Noticed a centaur warrior
  9358 | D:9      | Killed a centaur warrior
  9359 | D:9      | Reached XP level 11. HP: 95/95 MP: 10/10
  9361 | D:9      | Reached *** piety under Qazlal
  9641 | D:9      | Noticed a cyclops
  9648 | D:9      | Killed a cyclops
  9739 | D:9      | Reached skill level 10 in Armour
  9958 | D:9      | Noticed a two-headed ogre
  9971 | D:9      | Killed a two-headed ogre
 10149 | D:10     | Entered Level 10 of the Dungeon
 10883 | D:10     | Reached skill level 13 in Shields
 10895 | D:10     | Reached **** piety under Qazlal
 11122 | D:11     | Noticed a five-headed hydra
 11366 | D:11     | Noticed a cyclops
 11374 | D:11     | Killed a cyclops
 11406 | D:11     | Killed a one-headed hydra
 11517 | D:11     | Noticed a centaur warrior
 11532 | D:11     | Killed a centaur warrior
 11536 | D:11     | Reached XP level 12. HP: 93/105 MP: 11/11
 11571 | D:11     | HP: 4/106 [red ugly thing (15)]
 11864 | D:8      | Killed a four-headed hydra
 12067 | D:11     | Reached skill level 10 in Fighting
 12072 | D:11     | Got a faintly glowing robe
 12073 | D:11     | Identified the +2 robe of the Unbroken {MR- rCorr Int+5
                  | Stlth+} (You found it on level 11 of the Dungeon)
 12129 | D:11     | Found a gate to the Vaults.
 12153 | D:11     | Noticed a catoblepas
 12164 | D:11     | Killed a catoblepas
 12165 | D:11     | Reached skill level 14 in Shields
 12202 | D:11     | Noticed an ironheart preserver
 12234 | D:11     | Killed an ironheart preserver
 12268 | D:11     | Noticed Nergalle
 12518 | D:10     | Killed Nergalle
 12795 | D:11     | Noticed a two-headed ogre
 12802 | D:11     | Killed a two-headed ogre
 12861 | D:11     | Noticed a two-headed ogre
 12872 | D:11     | Killed a two-headed ogre
 13018 | D:12     | Entered Level 12 of the Dungeon
 13043 | D:12     | Noticed a centaur warrior
 13356 | D:12     | Killed a centaur warrior
 13367 | D:12     | Reached ***** piety under Qazlal
 13493 | D:12     | Reached skill level 15 in Shields
 13530 | D:12     | Reached XP level 13. HP: 84/116 MP: 12/12
 13830 | D:12     | Found an ornate altar of the Wu Jian Council.
 13885 | D:12     | Got a fading spear
 14105 | D:12     | Found a staircase to the Depths.
 14418 | Depths:1 | Entered Level 1 of the Depths
 14559 | Lair:1   | Entered Level 1 of the Lair of Beasts
 16324 | Lair:3   | Reached skill level 16 in Shields
 17510 | Lair:4   | Reached ****** piety under Qazlal
 17548 | Lair:4   | Found a staircase to the Swamp.
 17593 | Lair:4   | Reached XP level 14. HP: 86/127 MP: 13/13
 17736 | Lair:4   | Found a staircase to the Snake Pit.
 18529 | Lair:5   | Reached skill level 17 in Shields
 19233 | Lair:5   | Got a wavering bone ring
 19256 | Lair:5   | Identified the ring of Fofine {Ice rPois Str+2} (You found
                  | it on level 5 of the Lair of Beasts)
 19331 | Lair:5   | Identified the +10 spear of Superiority {pierce, rC+ Int+2
                  | Dex+10 Stlth-} (You found it on level 12 of the Dungeon)
 19608 | Lair:6   | Entered Level 6 of the Lair of Beasts
 19677 | Lair:6   | Reached skill level 15 in Long Blades
 20101 | Lair:6   | Reached skill level 18 in Shields
 20268 | Lair:6   | Found a runed door.
 20273 | Lair:6   | Found a viscous altar of Jiyva.
 20273 | Lair:6   | Found a staircase to the Slime Pits.
 20660 | Lair:6   | Reached XP level 15. HP: 32/136 MP: 14/14
 20870 | Lair:6   | Got a wavering ivory ring
 20893 | Lair:6   | Identified the ring "Yhi Vehe" {rElec Str+4 Int+8} (You
                  | found it on level 6 of the Lair of Beasts)
 21383 | Orc      | Entered the Orcish Mines
 21390 | Orc      | Noticed Saint Roka
 21630 | Orc      | Found a staircase to the Elven Halls.
 21645 | Orc      | Noticed Urug
 22273 | D:8      | Killed Saint Roka
 22274 | D:8      | Reached skill level 1 in Invocations
 22274 | D:8      | Reached skill level 1 in Evocations
 22462 | Orc      | Killed Urug
 22507 | Orc      | Found Soaciw's Food Emporium.
 22621 | Elf:1    | Entered Level 1 of the Elven Halls
 22631 | Elf:1    | Demolished by an earth elemental
 22632 | Elf:1    | Reached XP level 14. HP: -17/130 MP: 14/14
 22696 | Elf:1    | Noticed Jorgrun
 22711 | Elf:1    | Killed from afar by Jorgrun
 22712 | Elf:1    | Reached XP level 13. HP: -15/123 MP: 13/13
 22712 | Elf:1    | Killed Jorgrun
 22713 | Elf:1    | Reached skill level 19 in Shields
 22752 | Elf:1    | Killed from afar by a deep elf mage

Skill      XL: |  1  2  3  4  5  6  7  8  9 10 11 12 13 14 15 |
---------------+----------------------------------------------+-----
Fighting       | 4 5 6 7 8 9 11 12 13 | 13.9
Shields        | 4 5 6 7 10 12 13 15 19 18 | 19.1
Armour         | 4 5 6 7 8 9 11 12 13 14 | 14.3
Long Blades    | 3 5 7 8 9 10 12 13 14 15 | 15.7
Stealth        | 1 2 3 4 |  4.0
Dodging        | 2 3 |  3.6
Invocations    | 3 2 1 |  3.1
Evocations     | 1 |  1.0

Action                   |  1- 3 |  4- 6 |  7- 9 | 10-12 | 13-15 || total
-------------------------+-------+-------+-------+-------+-------++-------
Melee: Long sword        |    99 |    81 |   285 |   342 |       ||   807
       Headbutt          |    17 |    17 |    72 |   207 |   263 ||   576
       Falchion          |       |       |    51 |   190 |       ||   241
       Scimitar          |       |       |       |   276 |   937 ||  1213
Invok: Upheaval          |       |       |       |       |     1 ||     1
       Disaster Area     |       |       |       |       |     1 ||     1
Evoke: Wand              |       |       |     4 |     1 |     4 ||     9
       Phial of floods   |       |       |       |       |     1 ||     1
  Use: Scroll            |       |       |       |    15 |     9 ||    24
       Potion            |       |       |       |       |     5 ||     5
 Stab: Paralysed         |       |       |     2 |       |       ||     2
       Petrified         |       |       |       |       |     9 ||     9
       Petrifying        |       |       |       |       |     2 ||     2
  Eat: Chunk             |     6 |     5 |    17 |    25 |    28 ||    81
       Ration            |       |       |     1 |     4 |     4 ||     9
Armor: Scale mail        |    40 |       |       |       |       ||    40
       Plate armour      |     6 |    44 |   162 |   167 |   184 ||   563
Dodge: Dodged            |    13 |     6 |    39 |    87 |   104 ||   249
       Deflected         |       |       |       |    11 |    14 ||    25
Block: Medium shield     |    51 |    37 |   216 |   715 |   980 ||  1999
